 Dungeon Sprint DCSS version 0.24.0-125-gc4c63601f3 (webtiles) character file.

Game seed: 7617431199020733463, levelgen mode: deterministic

140 Ponchio the Eclecticist (level 8, -20/41 HPs)
             Began as a Deep Elf Earth Elementalist on Mar 4, 2020.
             Was a High Priest of Vehumet.
             Hit by a large rock thrown by a cyclops (39 damage)
             ... in the Dungeon (Sprint VI: "Thunderdome").
             The game lasted 00:14:18 (553 turns).

Ponchio the Eclecticist (DEEE)                       Turns: 553, Time: 00:14:19

Health: -20/41     AC:  3    Str:  5    XL:     8   Next: 83%
Magic:  25/30      EV: 13    Int: 23    God:    Vehumet [*****.]
Gold:   156        SH:  4    Dex: 19    Spells: 24/39 levels left

rFire    . . .     SeeInvis .   n - +5 club
rCold    . . .     Gourm    .   (no shield)
rNeg     . . .     Faith    .   o - +1 robe of Lethargy {rPois Dex+4}
rPois    +         Spirit   .   (no helmet)
rElec    .         Reflect  +   (no cloak)
rCorr    .         Harm     .   (no gloves)
MR       .....     NoTele   +   (no boots)
Stlth    ++........             q - amulet "Gobet" {Reflect Slay+2 SH+4}
HPRegen  0.13/turn              (no ring)
MPRegen  0.22/turn              (no ring)

@: no status effects
A: no striking features
a: Renounce Religion


You were in the Dungeon.
You worshipped Vehumet.
Vehumet was extremely pleased with you.
You were not hungry.

You visited 1 branch You collected 400 gold pieces.
You spent 244 gold pieces at shops.

Inventory:

Hand Weapons
 n - a +5 club (weapon)
Missiles
 b - 13 stones (quivered)
Armour
 c - a +0 robe
 o - the +1 robe of Lethargy (worn) {rPois Dex+4}
   (You bought it in a shop in the Dungeon)

   It affects your dexterity (+4).
   It protects you from poison.
Jewellery
 q - the amulet "Gobet" (around neck) {Reflect Slay+2 SH+4}
   (You bought it in a shop in the Dungeon)

   [amulet of reflection]

   It shields you and reflects attacks.
   It affects your accuracy and damage with ranged weapons and melee attacks
   (+2).
   It affects your SH (+4).
Wands
 k - a wand of acid (5)
 l - a wand of iceblast (5)
 p - a wand of random effects (15)
Scrolls
 j - 3 scrolls of blinking
 m - 3 scrolls of fog
Potions
 a - 2 potions of resistance
 e - a potion of curing
 f - 3 potions of heal wounds
 g - 4 potions of haste
 i - a potion of berserk rage
Comestibles
 d - a ration
 r - a chunk of flesh


   Skills:
 - Level 2.4 Dodging
 - Level 2.4 Stealth
 + Level 16.4 Spellcasting
 - Level 1.1 Transmutations
 + Level 15.5 Earth Magic


You had 24 spell levels left.
You knew the following spells:

 Your Spells              Type           Power        Failure   Level  Hunger
a - Sandblast             Erth           ######       0%          1    None
b - Passwall              Tmut/Erth      ######..     1%          2    None
c - Stone Arrow           Conj/Erth      ######       1%          3    None
d - Petrify               Tmut/Erth      ######..     1%          4    None
e - Lee's Rapid Deconstr  Erth           ######....   1%          5    ##.....

Your spell library contained the following spells:

 Spells                   Type           Power        Failure   Level  Hunger
 Dazzling Spray           Conj/Hex       ###...       2%          3    None


Dungeon Overview and Level Annotations

Branches:
Dungeon (1/1)

Altars:
Cheibriados
Dithmenos
Fedhas
Gozag
Kikubaaqudgha
Makhleb
Okawaru
Qazlal
Ru
Sif Muna
Trog
Uskayaw
Vehumet
Wu Jian
Xom
Yredelemnul
Zin
The Shining One
Beogh
Jiyva
Lugonu

Shops:
D *[%??*?*:[((!!!!


Message History

Confirm with . or Enter, or press ? or * to list all spells.
Aiming: Sandblast (safe; 0% risk of failure)
Press: ? - help, Shift-Dir - straight line The blast of sand hits the hippogriff.
You kill the hippogriff!
Vehumet accepts your kill.
You feel your power returning.
b - 13 stones The cyclops throws a large rock.
The large rock closely misses you.
Casting: Sandblast (safe; 0% risk of failure)
Confirm with . or Enter, or press ? or * to list all spells.
Aiming: Lee's Rapid Deconstruction (safe; 1% risk of failure)
Press: ? - help, Dir - move target cursor A rock wall.
The wall shatters!
The blast of rock fragments hits the cyclops!!!
The cyclops is severely wounded.
The cyclops throws a large rock.
The large rock hits you!!!
Ouch! That really hurt!
You die...

#_......._# #_......._#
###.........### #⌠...........⌠#
######.8.........8.######
##∩.__......###......___∩##
###∩........8.# #.8........∩###
#......)......###.............##
⌠..C.......###..@###..........⌠#
§...%......# #.<.# #..........⌠#
⌠.....[....###...###..........⌠#
#........[..C.###.............##
###∩........8.# #.8........∩###
##∩___.....†###......___∩##
######.8.........8.######
#⌠†..........⌠# ###.........###


You could see a cyclops.

Vanquished Creatures
  A spiny frog (D)
  Prince Ribbit (D)
  A merfolk (D)
  3 hippogriffs (D)
  Sigmund (D)
  A centaur (D)
  4 bullfrogs (D)
  2 jellies (D)
  Jessica (D)
  4 oozes (D)
  A worm (D)
  A dart slug (D)
  2 rats (D)
23 creatures vanquished.

Notes
Turn   | Place    | Note
-------+----------+-------------------------------------------
     0 | D        | Ponchio the Deep Elf Earth Elementalist began the quest for
                  | the Orb.
     0 | D        | Reached XP level 1. HP: 10/10 MP: 6/6
     5 | D        | Found a basalt altar of Yredelemnul.
     5 | D        | Found a snail-covered altar of Cheibriados.
     5 | D        | Round 1.
     6 | D        | Found an ornate altar of the Wu Jian Council.
     6 | D        | Found a shimmering altar of Xom.
     7 | D        | Found an ancient bone altar of Kikubaaqudgha.
     8 | D        | Found Nautea's Delicious Food.
     8 | D        | Found a glowing golden altar of the Shining One.
     8 | D        | Found an opulent altar of Gozag.
     8 | D        | Found Waem's Identification Station.
     9 | D        | Found Uhoungov's Jewellery.
     9 | D        | Found Rarecloxzo's Advanced Armour.
    16 | D        | Found an iron altar of Okawaru.
    19 | D        | Found a shadowy altar of Dithmenos.
    22 | D        | Noticed Jessica
    24 | D        | Found Vinoress's Premium Goods.
    31 | D        | Killed Jessica
    31 | D        | Reached skill level 5 in Spellcasting
    31 | D        | Reached XP level 2. HP: 15/15 MP: 2/10
    46 | D        | Found a shimmering blue altar of Sif Muna.
    48 | D        | Found Menkoc's Magic Scroll Shop.
    49 | D        | Found a corrupted altar of Lugonu.
    49 | D        | Found a sacrificial altar of Ru.
    49 | D        | Found Xeupufem's Staff Store.
    50 | D        | Found Zuuck's Magic Scroll Shop.
    50 | D        | Found Edul's Must-Have Magic.
    55 | D        | Found a bloodstained altar of Trog.
    56 | D        | Found a glowing silver altar of Zin.
    57 | D        | Found a stormy altar of Qazlal.
    58 | D        | Found Axkeg's Distillery.
    58 | D        | Found a viscous altar of Jiyva.
    58 | D        | Found a burning altar of Makhleb.
    58 | D        | Found a blossoming altar of Fedhas.
    58 | D        | Found Nunoext's Do-It-Yourself Clinic.
    60 | D        | Found Senoddie's Distillery.
    60 | D        | Found Ytoczock's Bottled Wisdom.
    64 | D        | Learned a level 2 spell: Passwall
    70 | D        | Found a hide-covered altar of Uskayaw.
    71 | D        | Found a radiant altar of Vehumet.
    72 | D        | Found a roughly hewn altar of Beogh.
    73 | D        | Found Osadgh's Weapon Rack.
    74 | D        | Found Poitzi's Basic Armour.
    74 | D        | Found Kadael's Miscellaneous Merchandise.
    79 | D        | Became a worshipper of Vehumet
   106 | D        | Noticed Sigmund
   112 | D        | Killed Sigmund
   112 | D        | Reached skill level 9 in Spellcasting
   112 | D        | Reached skill level 10 in Earth Magic
   112 | D        | Reached XP level 3. HP: 13/19 MP: 7/15
   112 | D        | Reached XP level 4. HP: 16/24 MP: 7/17
   112 | D        | Reached XP level 5. HP: 19/28 MP: 7/18
   115 | D        | Bought a twisted robe for 199 gold pieces
   128 | D        | Identified the +1 robe of Lethargy {rPois Dex+4} (You
                  | bought it in a shop in the Dungeon)
   156 | D        | Reached * piety under Vehumet
   156 | D        | Offered knowledge of Freeze by Vehumet.
   156 | D        | Arena points: 14 (+14) [x2]
   179 | D        | Round 2.
   215 | D        | Reached ** piety under Vehumet
   215 | D        | Reached skill level 10 in Spellcasting
   223 | D        | Learned a level 3 spell: Stone Arrow
   228 | D        | Learned a level 4 spell: Petrify
   234 | D        | Learned a level 5 spell: Lee's Rapid Deconstruction
   242 | D        | Reached XP level 6. HP: 28/32 MP: 21/21
   270 | D        | Arena points: 56 (+42) [x3]
   279 | D        | Bought a slimy ivory amulet for 45 gold pieces
   279 | D        | Identified the amulet "Gobet" {Reflect Slay+2 SH+4} (You
                  | bought it in a shop in the Dungeon)
   327 | D        | Round 3.
   353 | D        | Offered knowledge of Throw Frost by Vehumet.
   353 | D        | Reached *** piety under Vehumet
   353 | D        | Reached skill level 11 in Spellcasting
   358 | D        | Reached skill level 12 in Spellcasting
   358 | D        | Reached XP level 7. HP: 36/36 MP: 17/25
   374 | D        | Noticed Prince Ribbit
   375 | D        | Killed Prince Ribbit
   375 | D        | Reached **** piety under Vehumet
   375 | D        | Reached skill level 13 in Spellcasting
   379 | D        | Noticed a spiny frog
   426 | D        | Killed a spiny frog
   426 | D        | Arena points: 140 (+84) [x4]
   426 | D        | Reached skill level 14 in Spellcasting
   445 | D        | Round 4.
   451 | D        | Noticed a merfolk
   466 | D        | Reached XP level 8. HP: 41/41 MP: 14/28
   485 | D        | Killed a merfolk
   485 | D        | Reached skill level 15 in Spellcasting
   491 | D        | Noticed a hippogriff
   504 | D        | Killed a hippogriff
   504 | D        | Offered knowledge of Dazzling Spray by Vehumet.
   504 | D        | Reached skill level 15 in Earth Magic
   509 | D        | Noticed a hippogriff
   513 | D        | Killed a hippogriff
   513 | D        | Reached ***** piety under Vehumet
   513 | D        | Reached skill level 16 in Spellcasting
   533 | D        | Noticed a cyclops
   546 | D        | Noticed a hippogriff
   552 | D        | Killed a hippogriff
   553 | D        | Hit by a large rock thrown by a cyclops

Levels and vault maps discovered:
D:        arena_sprint

Skill      XL: |  1  2  3  4  5  6  7  8 |
---------------+-------------------------+-----
Spellcasting   | 5 9 10 12 14 16 | 16.4
Earth Magic    | 6 10 11 12 14 15 | 15.5
Dodging        | |  2.4
Stealth        | |  2.4
Transmutations | |  1.1

Action                   |  1- 3 |  4- 6 |  7- 9 || total
-------------------------+-------+-------+-------++-------
Melee: Club              |     4 |    14 |       ||    18
 Cast: Sandblast         |     5 |     8 |     4 ||    17
       Lee's Rapid Decon |       |     1 |    15 ||    16
       Petrify           |       |       |     4 ||     4
  Use: Potion            |       |       |     3 ||     3
       Scroll            |       |       |     1 ||     1
Armor: Robe              |     1 |     3 |       ||     4
Dodge: Dodged            |     3 |    11 |     2 ||    16
Block: Other             |       |       |     1 ||     1
